General information
- name: BNet
- type: Ladder team game (AT/RT)
- host: Battle.net
- saver: OrcsAndHumans
map: Cherryville
- players: 8
- length: 24:10
- speed: Fast
- version: 1.26 W3XP
- replay type: Public
» download(162 KB)
Players
team 1 (loser)

»
AUDUSD (
teal | 62 APM | 1192 actions | 19:21)
5 Death Knight
3 Death Coil
2 Unholy Aura
» actions
| Assign group hotkey | 44 | |
| Basic commands | 31 | |
| Build / train | 52 | |
| Enter build submenu | 15 | |
| Enter hero's abilities submenu | 5 | |
| Give item / drop item | 1 | |
| Right click | 365 | |
| Select / deselect | 315 | |
| Select group hotkey | 300 | |
| Use ability | 64 | |
1192 total
» units
| Acolyte | 9 | |
| Ghoul | 6 | |
| Crypt Fiend | 15 | |
30 total
» upgrades
| Creature Carapace | 1 | |
| Web | 1 | |
| Creature Attack | 1 | |
3 total
» buildings
| Ziggurat | 8 | |
| Crypt | 2 | |
| Graveyard | 1 | |
| Altar of Darkness | 1 | |
| Tomb of Relics | 2 | |
| Nerubian Tower | 2 | |
| Spirit Tower | 3 | |
| Halls of the Dead | 2 | |
21 total
» build order
00:12 Ziggurat
00:39 Crypt
00:48 Graveyard
01:07 Altar of Darkness
01:22 Ziggurat
01:34 Tomb of Relics
02:36 Ziggurat
05:13 Nerubian Tower
05:17 Spirit Tower
06:45 Nerubian Tower
06:49 Ziggurat
09:19 Crypt
10:36 Halls of the Dead
10:36 Halls of the Dead
11:48 Ziggurat
12:39 Ziggurat
13:02 Spirit Tower
13:04 Spirit Tower
14:43 Ziggurat
14:44 Ziggurat
16:13 Tomb of Relics
» items
| Rod of Necromancy | 2 | |
| Dust of Appearance | 1 | |
| Sacrificial Skull | 1 | |
| Scroll of Town Portal | 1 | |
5 total
theraui (
red | 51 APM | 1165 actions | 22:41)
4 Archmage
2 Blizzard
2 Brilliance Aura
5 Paladin
3 Holy Light
2 Divine Shield
3 Mountain King
2 Storm Bolt
1 Bash
» actions
| Basic commands | 65 | |
| Build / train | 85 | |
| ESC pressed | 2 | |
| Enter build submenu | 33 | |
| Enter hero's abilities submenu | 13 | |
| Give item / drop item | 3 | |
| Right click | 408 | |
| Select / deselect | 465 | |
| Use ability | 91 | |
1165 total
» units
| Peasant | 15 | |
| Footman | 9 | |
| Priest | 3 | |
| Knight | 7 | |
| Gryphon Rider | 6 | |
| Dragonhawk Rider | 5 | |
45 total
» upgrades
| Masonry | 3 | |
| Swords | 2 | |
| Lumber Harvesting | 2 | |
| Defend | 1 | |
| Plating | 3 | |
| Priest Training | 2 | |
| Animal War Training | 1 | |
| Storm Hammers | 1 | |
| Armor | 2 | |
17 total
» buildings
| Farm | 14 | |
| Altar of Kings | 1 | |
| Barracks | 2 | |
| Lumber Mill | 1 | |
| Town Hall | 2 | |
| Keep | 1 | |
| Arcane Vault | 1 | |
| Blacksmith | 1 | |
| Castle | 1 | |
| Arcane Sanctum | 1 | |
| Gryphon Aviary | 2 | |
| Watch Tower | 7 | |
34 total
» build order
00:11 Farm
00:13 Altar of Kings
00:17 Farm
00:51 Barracks
01:07 Lumber Mill
01:37 Farm
03:47 Town Hall
04:24 Keep
05:04 Arcane Vault
05:13 Farm
05:15 Farm
05:17 Farm
05:18 Farm
05:22 Blacksmith
06:18 Barracks
06:53 Castle
06:56 Arcane Sanctum
07:04 Farm
07:08 Farm
07:10 Farm
09:38 Gryphon Aviary
09:39 Gryphon Aviary
15:13 Farm
15:13 Farm
15:16 Farm
15:16 Farm
20:29 Watch Tower
20:31 Watch Tower
20:32 Watch Tower
20:32 Watch Tower
20:35 Watch Tower
20:35 Watch Tower
20:38 Watch Tower
21:34 Town Hall
» items
| Rod of Necromancy | 1 | |
| Scroll of Town Portal | 1 | |
| Orb of Lightning | 1 | |
| Tiny Great Hall | 1 | |
| Potion of Healing | 1 | |
5 total
SmUrF (
yellow | 22 APM | 524 actions | 24:09)
4 Lich
2 Frost Nova
2 Frost Armor
» actions
| Basic commands | 111 | |
| Build / train | 105 | |
| Enter build submenu | 27 | |
| Enter hero's abilities submenu | 4 | |
| Right click | 4 | |
| Select / deselect | 206 | |
| Use ability | 67 | |
524 total
» units
| Acolyte | 7 | |
| Ghoul | 59 | |
| Abomination | 9 | |
| Obsidian Statue | 1 | |
76 total
» upgrades
| Unholy Strength | 3 | |
| Unholy Armor | 2 | |
| Ghoul Frenzy | 1 | |
| Disease Cloud | 1 | |
7 total
» buildings
| Ziggurat | 14 | |
| Altar of Darkness | 1 | |
| Crypt | 2 | |
| Tomb of Relics | 1 | |
| Graveyard | 1 | |
| Nerubian Tower | 4 | |
| Halls of the Dead | 1 | |
| Black Citadel | 2 | |
| Sacrificial Pit | 3 | |
| Slaughterhouse | 1 | |
| Spirit Tower | 7 | |
| Boneyard | 2 | |
39 total
» build order
00:21 Ziggurat
00:25 Altar of Darkness
00:51 Crypt
01:14 Tomb of Relics
01:19 Ziggurat
01:40 Graveyard
02:10 Crypt
02:43 Nerubian Tower
02:53 Nerubian Tower
04:40 Halls of the Dead
05:49 Ziggurat
06:59 Ziggurat
07:04 Ziggurat
07:07 Ziggurat
07:10 Ziggurat
07:14 Ziggurat
07:17 Ziggurat
08:51 Black Citadel
09:31 Ziggurat
09:36 Ziggurat
09:40 Sacrificial Pit
09:48 Slaughterhouse
10:07 Black Citadel
10:17 Spirit Tower
10:26 Spirit Tower
10:29 Nerubian Tower
11:01 Spirit Tower
11:05 Nerubian Tower
11:29 Spirit Tower
11:35 Ziggurat
11:41 Ziggurat
12:26 Sacrificial Pit
12:44 Ziggurat
12:47 Sacrificial Pit
20:12 Boneyard
20:19 Boneyard
23:57 Spirit Tower
23:59 Spirit Tower
24:01 Spirit Tower
» items
| Rod of Necromancy | 1 | |
| Staff of Teleportation | 1 | |
| Orb of Corruption | 1 | |
3 total

»
elfomatar (
green | 26 APM | 455 actions | 17:42)
1 Tauren Chieftain
1 War Stomp
» actions
| Assign group hotkey | 10 | |
| Basic commands | 18 | |
| Build / train | 72 | |
| Enter build submenu | 15 | |
| Enter hero's abilities submenu | 1 | |
| Remove unit from queue | 1 | |
| Right click | 106 | |
| Select / deselect | 160 | |
| Select group hotkey | 40 | |
| Use ability | 32 | |
455 total
» units
| Peon | 10 | |
| Grunt | 25 | |
| Shaman | 4 | |
| Troll Witch Doctor | 4 | |
| Tauren | 5 | |
48 total
» upgrades
| Pillage | 1 | |
| Melee Weapons | 3 | |
| Armor | 3 | |
| Berserker Strength | 1 | |
| Shaman Training | 2 | |
| Witch Doctor Training | 2 | |
| Pulverize | 1 | |
13 total
» buildings
| Barracks | 1 | |
| Altar of Storms | 1 | |
| Orc Burrow | 6 | |
| War Mill | 1 | |
| Stronghold | 2 | |
| Watch Tower | 2 | |
| Voodoo Lounge | 1 | |
| Fortress | 1 | |
| Spirit Lodge | 1 | |
| Tauren Totem | 2 | |
18 total
» build order
00:53 Barracks
00:59 Altar of Storms
01:14 Orc Burrow
01:44 War Mill
02:25 Orc Burrow
03:27 Orc Burrow
05:00 Stronghold
05:00 Stronghold
05:17 Watch Tower
05:24 Watch Tower
06:27 Voodoo Lounge
08:50 Fortress
08:54 Spirit Lodge
09:28 Orc Burrow
09:35 Orc Burrow
11:50 Tauren Totem
11:51 Tauren Totem
12:32 Orc Burrow
» items
| Healing Salve | 2 | |
| Lesser Clarity Potion | 1 | |
| Scroll of Town Portal | 1 | |
| Scroll of Speed | 1 | |
5 total
team 2 (winner)

»
Flashbang_Omnix (
pink | 69 APM | 1678 actions | 24:10)
7 Archmage
3 Blizzard
3 Brilliance Aura
1 Mass Teleport
2 Paladin
1 Holy Light
1 Divine Shield
» actions
| Basic commands | 158 | |
| Build / train | 81 | |
| ESC pressed | 8 | |
| Enter build submenu | 14 | |
| Enter hero's abilities submenu | 9 | |
| Give item / drop item | 2 | |
| Right click | 1050 | |
| Select / deselect | 288 | |
| Use ability | 68 | |
1678 total
» units
| Peasant | 16 | |
| Footman | 19 | |
| Knight | 15 | |
| Goblin Shredder | 1 | |
51 total
» upgrades
| Defend | 1 | |
| Swords | 4 | |
| Plating | 3 | |
| Lumber Harvesting | 1 | |
| Animal War Training | 1 | |
| Masonry | 3 | |
13 total
» buildings
| Altar of Kings | 1 | |
| Barracks | 4 | |
| Farm | 11 | |
| Lumber Mill | 1 | |
| Arcane Vault | 1 | |
| Blacksmith | 1 | |
| Keep | 1 | |
| Castle | 1 | |
| Town Hall | 1 | |
22 total
» build order
00:14 Altar of Kings
00:18 Barracks
00:20 Farm
00:22 Farm
02:32 Farm
02:34 Farm
03:03 Barracks
03:13 Lumber Mill
04:58 Arcane Vault
05:07 Blacksmith
06:03 Keep
08:53 Castle
10:24 Farm
10:28 Farm
16:52 Town Hall
21:28 Barracks
21:30 Barracks
21:57 Farm
21:57 Farm
21:58 Farm
21:59 Farm
22:00 Farm
» items
| Lesser Clarity Potion | 1 | |
| Scroll of Speed | 1 | |
| Scroll of Town Portal | 2 | |
4 total
iLikeRT (
orange | 67 APM | 1629 actions | 24:10)
8 Death Knight
3 Death Coil
3 Unholy Aura
1 Animate Dead
1 Death Pact
7 Lich
3 Frost Nova
3 Frost Armor
1 Death and Decay
» actions
| Build / train | 67 | |
| Enter build submenu | 17 | |
| Enter hero's abilities submenu | 15 | |
| Give item / drop item | 6 | |
| Right click | 911 | |
| Select / deselect | 540 | |
| Use ability | 73 | |
1629 total
» units
| Acolyte | 8 | |
| Ghoul | 5 | |
| Crypt Fiend | 4 | |
| Frost Wyrm | 9 | |
26 total
» upgrades
| Burrow | 1 | |
| Creature Attack | 3 | |
| Creature Carapace | 3 | |
| Web | 1 | |
| Freezing Breath | 1 | |
9 total
» buildings
| Crypt | 1 | |
| Ziggurat | 9 | |
| Altar of Darkness | 1 | |
| Graveyard | 1 | |
| Tomb of Relics | 1 | |
| Halls of the Dead | 1 | |
| Necropolis | 1 | |
| Nerubian Tower | 1 | |
| Black Citadel | 1 | |
| Sacrificial Pit | 1 | |
| Boneyard | 3 | |
21 total
» build order
00:13 Crypt
00:17 Ziggurat
00:24 Ziggurat
00:36 Altar of Darkness
00:56 Ziggurat
02:03 Graveyard
02:17 Tomb of Relics
03:16 Halls of the Dead
04:40 Necropolis
04:54 Ziggurat
05:23 Ziggurat
05:49 Nerubian Tower
08:06 Black Citadel
09:16 Sacrificial Pit
09:44 Ziggurat
10:34 Boneyard
10:35 Boneyard
10:36 Boneyard
11:02 Ziggurat
11:04 Ziggurat
14:56 Ziggurat
» items
| Rod of Necromancy | 3 | |
| Sacrificial Skull | 1 | |
| Scroll of Town Portal | 2 | |
| Orb of Corruption | 1 | |
| Potion of Healing | 2 | |
| Potion of Lesser Invulnerability | 1 | |
| Scroll of Healing | 2 | |
12 total
genB60 (
blue | 31 APM | 751 actions | 24:10)
4 Archmage
2 Summon Water Elemental
2 Blizzard
» actions
| Basic commands | 3 | |
| Build / train | 82 | |
| Enter build submenu | 56 | |
| Enter hero's abilities submenu | 4 | |
| Right click | 247 | |
| Select / deselect | 286 | |
| Use ability | 73 | |
751 total
» units
| Peasant | 18 | |
| Footman | 17 | |
| Siege Engine | 10 | |
45 total
» upgrades
| Swords | 1 | |
| Plating | 4 | |
| Gunpowder | 2 | |
| Barrage | 1 | |
| Magic Sentry | 1 | |
9 total
» buildings
| Farm | 22 | |
| Altar of Kings | 1 | |
| Barracks | 2 | |
| Scout Tower | 20 | |
| Arcane Tower | 3 | |
| Lumber Mill | 2 | |
| Guard Tower | 15 | |
| Arcane Vault | 1 | |
| Keep | 1 | |
| Blacksmith | 1 | |
| Town Hall | 2 | |
| Castle | 1 | |
| Workshop | 3 | |
| Arcane Sanctum | 1 | |
75 total
» build order
00:31 Farm
00:55 Farm
00:59 Altar of Kings
01:14 Farm
01:36 Farm
01:53 Farm
02:01 Barracks
02:13 Farm
02:31 Scout Tower
02:52 Scout Tower
03:04 Farm
03:06 Arcane Tower
03:23 Farm
03:25 Arcane Tower
03:35 Lumber Mill
03:47 Farm
04:05 Scout Tower
04:41 Farm
04:45 Farm
04:47 Guard Tower
05:19 Scout Tower
05:38 Farm
05:49 Scout Tower
05:51 Arcane Tower
06:41 Guard Tower
06:47 Scout Tower
06:50 Scout Tower
08:27 Guard Tower
08:37 Scout Tower
08:44 Arcane Vault
08:46 Guard Tower
09:12 Barracks
09:18 Guard Tower
09:21 Keep
09:25 Blacksmith
09:55 Scout Tower
10:28 Farm
10:31 Farm
10:33 Guard Tower
11:01 Lumber Mill
11:11 Farm
11:16 Scout Tower
11:49 Scout Tower
11:54 Guard Tower
11:57 Farm
12:18 Town Hall
12:22 Farm
12:23 Guard Tower
12:50 Farm
13:04 Scout Tower
13:12 Castle
14:14 Guard Tower
14:27 Workshop
14:36 Scout Tower
14:55 Workshop
15:12 Guard Tower
15:19 Scout Tower
15:56 Workshop
16:00 Guard Tower
16:07 Arcane Sanctum
16:16 Farm
17:13 Farm
17:18 Scout Tower
18:34 Scout Tower
18:38 Scout Tower
18:42 Guard Tower
18:45 Scout Tower
19:38 Guard Tower
19:57 Farm
20:01 Scout Tower
20:09 Guard Tower
21:34 Guard Tower
21:38 Farm
21:42 Scout Tower
22:30 Town Hall
» items
OrcsAndHumans (
purple | 71 APM | 1725 actions | 24:10)
8 Blademaster
3 Wind Walk
3 Critical Strike
1 Bladestorm
1 Mirror Image
» actions
| Assign group hotkey | 26 | |
| Basic commands | 47 | |
| Build / train | 95 | |
| ESC pressed | 2 | |
| Enter build submenu | 26 | |
| Enter hero's abilities submenu | 8 | |
| Give item / drop item | 1 | |
| Remove unit from queue | 5 | |
| Right click | 781 | |
| Select / deselect | 315 | |
| Select group hotkey | 346 | |
| Use ability | 73 | |
1725 total
» units
| Peon | 16 | |
| Grunt | 23 | |
| Kodo Beast | 1 | |
| Troll Batrider | 7 | |
| Wind Rider | 3 | |
| Tauren | 2 | |
52 total
» upgrades
| Pillage | 1 | |
| Spiked Barricades | 3 | |
| Melee Weapons | 3 | |
| Armor | 3 | |
| Berserker Strength | 1 | |
| War Drums Damage Increase | 1 | |
| Reinforced Defenses | 1 | |
| Liquid Fire | 1 | |
| Backpack | 1 | |
| Burning Oil | 1 | |
| Pulverize | 1 | |
| Ranged Weapons | 1 | |
18 total
» buildings
| Altar of Storms | 1 | |
| Orc Burrow | 6 | |
| Voodoo Lounge | 1 | |
| Barracks | 2 | |
| War Mill | 1 | |
| Watch Tower | 12 | |
| Stronghold | 1 | |
| Beastiary | 1 | |
| Great Hall | 1 | |
| Fortress | 1 | |
| Tauren Totem | 1 | |
28 total
» build order
00:04 Altar of Storms
00:08 Orc Burrow
00:25 Voodoo Lounge
01:16 Barracks
02:42 Orc Burrow
03:23 Orc Burrow
03:26 War Mill
04:59 Watch Tower
05:03 Watch Tower
05:07 Watch Tower
06:01 Watch Tower
06:32 Watch Tower
06:46 Stronghold
07:22 Orc Burrow
08:53 Watch Tower
09:58 Watch Tower
10:18 Beastiary
11:50 Great Hall
11:56 Fortress
12:52 Orc Burrow
14:47 Watch Tower
18:15 Barracks
18:18 Watch Tower
18:23 Watch Tower
18:26 Watch Tower
18:30 Watch Tower
20:19 Tauren Totem
20:34 Orc Burrow
» items
| Healing Salve | 3 | |
| Lesser Clarity Potion | 3 | |
| Potion of Healing | 1 | |
| Scroll of Town Portal | 1 | |
| Orb of Lightning | 1 | |
9 total
Chat log
(00:49 / Allies) Flashbang_Omnix: foots to knights...
(01:01 / Allies) OrcsAndHumans: grunt/raider
(01:26 / Allies) Flashbang_Omnix: rush plz
(01:27 / Allies) genB60: foot to rif mort then tank
(01:30 / Allies) OrcsAndHumans: k, ruh
(01:32 / Allies) OrcsAndHumans: rush
(01:34 / Allies) iLikeRT: big map for rush
(01:43 / Allies) OrcsAndHumans: cheryville is bigger than it looks
(01:49 / Allies) Flashbang_Omnix: im gonna rush anyways
(01:50 / Allies) OrcsAndHumans: er, smaller tahn it looks
(02:30 / Allies) iLikeRT: mass farms blue
(02:31 / Allies) iLikeRT: lol
(02:38 / Allies) genB60: yes
(02:46 / Allies) genB60: drop them on their heads
(02:59 / Allies) OrcsAndHumans: god damn audusd is in this game, I don't want to lose
(03:25 / All) Flashbang_Omnix: die...
(03:36 / Allies) OrcsAndHumans: coming 1 sec
(03:44 / Allies) iLikeRT: expo and coming
(05:35 / Allies) Flashbang_Omnix: guess that failed
(06:37 / Allies) OrcsAndHumans: counter
(07:06 / Allies) Flashbang_Omnix: forget the creeps
(07:29 / Allies) iLikeRT: dk
(09:54 / All) Flashbang_Omnix: bastard
(10:45 / Allies) Flashbang_Omnix: someone creep that
(10:48 / Allies) OrcsAndHumans: k
(11:33 / Allies) Flashbang_Omnix: who got aa?
(12:13 / Allies) iLikeRT: i go atacj now
(12:30 / Allies) OrcsAndHumans: k I'll come
(12:35 / Allies) Flashbang_Omnix: wait up
(12:52 / Allies) Flashbang_Omnix: wait for us
(13:56 / Allies) OrcsAndHumans: tp
(14:23 / Allies) Flashbang_Omnix: blue got air
(14:26 / Allies) Flashbang_Omnix: i mean red
(14:44 / Allies) iLikeRT: why u back tea?
(14:58 / Allies) OrcsAndHumans: I didn't think we had it
(15:00 / Allies) genB60: getting tanks
(15:01 / Allies) OrcsAndHumans: their army looked bigger
(15:15 / Allies) Flashbang_Omnix: cuz they expoed
(15:17 / Allies) Flashbang_Omnix: thats why
(15:22 / Allies) iLikeRT: zzzzz
(15:42 / Allies) Flashbang_Omnix: expo that too
(15:49 / Allies) Flashbang_Omnix: enemy expo here
(15:51 / Allies) Flashbang_Omnix: wow
(16:54 / Allies) genB60: b
(17:45 / Allies) OrcsAndHumans: gj
(18:51 / Allies) OrcsAndHumans: call toa rms
(19:49 / Allies) Flashbang_Omnix: ty
(21:25 / Allies) genB60: att
(21:28 / All) genB60: hahah
(22:03 / All) OrcsAndHumans: gg
(22:12 / All) genB60: gg
(23:26 / Allies) genB60: call to arms